 Dungeon Crawl Stone Soup version 0.29-a0-791-ga0f254aafb (webtiles) character file.

Game seed: 11573771809823301347

214 Malachi the Trooper (level 5, -17/42 HPs)
             Began as a Demonspawn Brigand on July 3, 2022.
             Killed from afar by Dowan (21 damage)
             ... with a shard of ice
             ... on level 4 of the Dungeon.
             The game lasted 00:03:30 (2365 turns).

Malachi the Trooper (Demonspawn Brigand)            Turns: 2365, Time: 00:03:31

Health: -17/42     AC: 10    Str: 11    XL:     5   Next: 60%
Magic:  5/5        EV: 10    Int: 12    God:
Gold:   201        SH:  0    Dex: 17    Spells: 4/4 levels left

rFire   . . .      SeeInvis .   g - +0 double sword
rCold   . . .      Faith    .   (no shield)
rNeg    . . .      Spirit   .   c - +0 ring mail
rPois   .          Reflect  .   y - +2 helmet
rElec   .          Harm     .   r - +0 cloak
rCorr   .          Rampage  .   (no gloves)
Will    .....                   h - +0 pair of boots
Stlth   ++........              (no amulet)
HPRegen 0.14/turn               (no ring)
MPRegen 0.09/turn               (no ring)

@: no status effects
A: icemail 1, condensation shield
a: no special abilities


You were on level 4 of the Dungeon.
You visited 1 branch of the dungeon, and saw 4 of its levels.

You collected 201 gold pieces.

Inventory:

Hand Weapons
 a - a +2 dagger
 g - a +0 double sword (weapon)
 k - a +0 long sword
Missiles
 d - 9 poisoned darts (quivered)
 e - 3 curare-tipped darts
Armour
 c - a +0 ring mail (worn)
 h - a +0 pair of boots (worn)
 r - a +0 cloak (worn)
 y - a +2 helmet (worn)
Scrolls
 f - a scroll of vulnerability
 n - a scroll of amnesia
 t - a scroll of magic mapping
 u - a scroll of torment {unknown}
 v - a scroll of enchant armour {unknown}
 w - a scroll of noise {unknown}
Potions
 b - a potion of mutation {unknown}
 j - a potion of attraction {unknown}
 l - 2 potions of haste {unknown}
 m - a potion of resistance {unknown}
 o - a potion of berserk rage {unknown}
 p - 3 potions of brilliance {unknown}
 q - 2 potions of curing {unknown}
 s - a potion of magic {unknown}
 x - a potion of degeneration {unknown}


   Skills:
 * Level 4.3 Fighting
 - Level 1.7(2.6) Short Blades
 + Level 3.0(3.3) Long Blades
 - Level 1.7 Throwing
 + Level 0.6 Armour
 - Level 0.8 Dodging
 - Level 3.6 Stealth
 + Level 0.9 Shields


You had 4 spell levels left.
You didn't know any spells.
Your spell library contained the following spells:

 Spells                   Type           Power      Damage    Failure   Level
 Ozocubu's Armour         Ice            0%         N/A       94%         3
 Metabolic Englaciation   Hex/Ice        0%         N/A       100%        5
 Simulacrum               Ice/Necr       0%         N/A       100%        6


Dungeon Overview and Level Annotations

Branches:
Dungeon (4/15)
 Temple: D:4-7

Altars:

Annotations:
D:4 Dowan


Innate Abilities, Weirdness & Mutations

A meltable icy envelope protects you from harm. (AC +0)
A meltable shield of frost defends you. (SH +0)


Message History

Dowan's eyes darken. "You have made a black mistake."
Dowan seems to find hidden reserves of power!
Dowan gestures wildly while chanting.
Dowan blinks!
Dowan closely misses you.
Your Fighting skill increases to level 4!
Your Long Blades skill increases to level 3!
You have reached level 5!
Your demonic ancestry asserts itself...
An icy envelope takes form around you.
You slash Dowan!
Dowan is severely wounded.
Dowan barely misses you. Dowan closely misses you.
You closely miss Dowan.
Dowan is severely wounded.
Dowan gestures wildly while chanting.
Dowan blinks!
Dowan hits you but does no damage.
You closely miss Dowan.
Dowan is severely wounded.
Dowan barely misses you. Dowan hits you with a +0 dagger.
You closely miss Dowan.
Dowan is severely wounded.
Dowan says, "Magic will overcome all!"
Dowan gestures wildly while chanting.
Dowan blinks!
Things that are here:
a +0 rapier; a +0 ring mail Dowan hits you with a +0 dagger. x2
You hit Dowan but do no damage.
Dowan is severely wounded.
Dowan barely misses you. Dowan gestures at you while chanting.
The shard of ice hits you!
* * * LOW HITPOINT WARNING * * *
You closely miss Dowan.
Dowan is severely wounded.
Dowan hits you but does no damage. Dowan gestures at you while chanting.
The shard of ice hits you!!
Ouch! That really hurt!
You die...

# .# ###. ...
#[. .... #†#
.... #)# .....
#.#
g....###@###.##
.......e........
###.##..####.###
####### #.##.##
.......###.##.#
#.<.#.##.#
###.#.#..#
#.#.#.## #...#.#


You could see Dowan (fast).

Vanquished Creatures
  Duvessa (D:4)
  Jessica (D:3)
  Robin (D:3)
  An adder (D:2)
  3 dart slugs
  An orc (D:2)
  3 bats
  3 endoplasms
  2 giant cockroaches
  11 goblins
  8 hobgoblins
  3 jackals (D:2)
  A quokka (D:1)
  2 ball pythons
  5 frilled lizards
  7 kobolds
  5 rats
58 creatures vanquished.

Vanquished Creatures (others)
  A quokka (D:4)
1 creature vanquished.

Grand Total: 59 creatures vanquished

Notes
Turn   | Place    | Note
-------+----------+-------------------------------------------
     0 | D:1      | Malachi the Demonspawn Brigand began the quest for the Orb.
     0 | D:1      | Reached XP level 1. HP: 16/16 MP: 1/1
   106 | D:1      | Gained mutation: A meltable shield of frost defends you.
                  | (SH +0) [demonic ancestry]
   106 | D:1      | Reached XP level 2. HP: 19/23 MP: 2/2
   225 | D:1      | Reached skill level 3 in Fighting
   669 | D:1      | Found a faded altar of an unknown god.
   859 | D:1      | Reached XP level 3. HP: 27/29 MP: 3/3
  1095 | D:2      | Reached skill level 1 in Long Blades
  1682 | D:3      | Noticed Jessica
  1692 | D:3      | Killed Jessica
  1693 | D:3      | Reached XP level 4. HP: 25/37 MP: 4/4
  1996 | D:3      | Noticed Robin
  2016 | D:3      | Killed Robin
  2341 | D:4      | Noticed Dowan
  2344 | D:4      | Noticed Duvessa
  2356 | D:4      | Killed Duvessa
  2357 | D:4      | Reached skill level 4 in Fighting
  2357 | D:4      | Gained mutation: A meltable icy envelope protects you from
                  | harm. (AC +0) [demonic ancestry]
  2357 | D:4      | Reached XP level 5. HP: 22/42 MP: 5/5
  2365 | D:4      | Killed from afar by Dowan

Illustrated notes

Levels and vault maps discovered:
D:1:      psy_arrival_conway, layout_basic, ebering_ecumenical_altar_box,
          solitary_fountain
D:2:      layout_rooms, st_stairs_4
D:3:      layout_rooms, uniq_jessica, uniq_robin
D:4:      layout_rooms, trog_ov_bears_minmay, general_overflow_altar,
          uniq_duvessa, uniq_sigmund

Skill      XL: |  1  2  3  4 |
---------------+-------------+-----
Fighting       | 3 4 |  4.3
Long Blades    | 1 3 |  3.0
Short Blades   | |  1.7
Throwing       | |  1.7
Armour         | |  0.6
Dodging        | |  0.8
Stealth        | |  3.6
Shields        | |  0.9

Action                   |  1- 3 |  4- 6 || total
-------------------------+-------+-------++-------
Melee: Dagger            |    74 |       ||    74
       Punch             |     1 |       ||     1
       Double sword      |    68 |    50 ||   118
  Use: Scroll            |       |     3 ||     3
 Stab: Sleeping          |     3 |       ||     3
Armor: Robe              |    52 |       ||    52
       Ring mail         |     3 |    20 ||    23
Dodge: Dodged            |    91 |    27 ||   118
Block: Other             |    28 |     9 ||    37

Table legend: (Time is in decaauts)
 A = Elapsed time spent in this place.
 B = Non-inter-level travel time spent in this place.
 C = Inter-level travel time spent in this place.
 D = Time resting spent in this place.
 E = Time spent auto-exploring this place.
 F = Levels seen in this place.
 G = Mean time per level.
                   A        B        C        D        E       F      G
               +--------+--------+--------+--------+--------+-----+--------+
         Total |   2415 |   2348 |     67 |    572 |   1200 |   4 |  603.8 |
       Dungeon |   2415 |   2348 |     67 |    572 |   1200 |   4 |  603.8 |
               +--------+--------+--------+--------+--------+-----+--------+

Top non-repeatable levels by time:
     D:1: 913 daAuts
     D:3: 761 daAuts
     D:2: 697 daAuts
     D:4: 42 daAuts
